 Dungeon Crawl Stone Soup version 0.18-a0-1655-ge2d8d33 (webtiles) character file.

4790 MenacingMecha the Cleaver (level 10, -5/84 HPs)
             Began as a Deep Dwarf Gladiator on Mar 30, 2016.
             Was a Priest of Makhleb.
             Slain by an orc warrior
             ... wielding a +0 glaive
              (9 damage)
             ... on level 10 of the Dungeon on Mar 31, 2016.
             The game lasted 02:27:25 (7502 turns).

MenacingMecha the Cleaver (Deep Dwarf Gladiator)    Turns: 7502, Time: 02:27:26

Health: -5/84      AC: 11    Str: 19    XL:     10   Next: 24%
Magic:  21/21      EV:  9    Int: 10    God:    Makhleb [***...]
Gold:   6          SH:  0    Dex: 15    Spells: 0 memorised, 9 levels left

rFire  . . .     SeeInvis .     O - +0 broad axe (freeze)
rCold  . . .     Gourm    .     r - +0 chain mail
rNeg   . . .     Faith    .     (no shield)
rPois  .         Spirit   .     c - +0 helmet
rElec  .         Dismiss  .     p - +0 cloak
rCorr  .         Reflect  .     (no gloves)
SustAt .         Harm     .     (no boots)
MR     +....                    (no amulet)
Stlth  ..........               (no ring)
                                n - ring of magical power

@: non-regenerating, somewhat resistant to hostile enchantments, extremely
unstealthy
A: damage resistance, recharge devices, sense surroundings 2, slow regeneration
3
a: Device Recharging, Minor Destruction, Lesser Servant of Makhleb, Renounce
Religion


You were on level 10 of the Dungeon.
You worshipped Makhleb.
Makhleb was most pleased with you.
You were not hungry.

You visited 2 branches of the dungeon, and saw 11 of its levels.
You also visited: Ossuary.

You collected 548 gold pieces.
You spent 542 gold pieces at shops.

Inventory:

Hand Weapons
 a - a +1 war axe
 N - a +0 battleaxe
 O - a +0 broad axe of freezing (weapon)
Missiles
 d - 3 throwing nets
 F - a javelin (quivered)
Armour
 c - a +0 helmet (worn)
 p - a +0 cloak (worn)
 r - a +0 chain mail (worn)
Jewellery
 n - a ring of magical power (left hand)
Wands
 e - a wand of heal wounds (1/9)
 h - a wand of digging (13/24)
 q - a wand of iceblast (5/15)
 B - a wand of random effects (18/48)
 D - a wand of lightning (4/15)
 K - a wand of flame (23/48)
 L - a wand of lightning (6/15)
 P - a wand of random effects (32/48)
Scrolls
 j - 7 scrolls of remove curse
 l - a scroll of noise {unknown}
 o - 11 scrolls of identify
 s - 4 scrolls of teleportation
 v - 3 scrolls of magic mapping
 w - 2 scrolls of enchant weapon
 y - 2 scrolls of fog {unknown}
 E - a scroll of blinking {unknown}
 H - a scroll of amnesia {unknown}
 Q - a scroll of recharging {unknown}
Potions
 b - a potion of flight
 g - 4 potions of curing
 i - 3 potions of heal wounds
 u - 3 potions of lignification {unknown}
 x - a potion of brilliance
 z - 2 potions of berserk rage {unknown}
 G - a potion of invisibility
 I - 3 potions of agility
Books
 k - Sif Muna's Volume of the Traveller
   (You found it on level 6 of the Dungeon)

   Spells                             Type                      Level
   a - Apportation                    Translocation                1
 M - a book of Hinderance

   Spells                             Type                      Level
   a - Confusing Touch                Hexes                        2
   b - Confuse                        Hexes                        3
   c - Gell's Gravitas                Hexes/Translocation          3
   d - Petrify                        Transmutation/Earth          4
   e - Metabolic Englaciation         Hexes/Ice                    5
   f - Yara's Violent Unravelling     Hexes/Transmutation          5
Miscellaneous
 C - a sack of spiders
Comestibles
 f - 4 bread rations
 m - 5 meat rations
 t - a chunk of flesh
 A - 7 fruits


   Skills:
 - Level 3.1 Fighting
 + Level 14.9 Axes
 - Level 1.7 Throwing
 - Level 3.0 Armour
 - Level 3.2 Dodging
 - Level 3.1 Invocations
 - Level 2.0 Evocations


You had 9 spell levels left.
You didn't know any spells.

Dungeon Overview and Level Annotations

Branches:
Dungeon (10/15)            Temple (1/1) D:4
   Lair: D:8-11         Orc: D:9-12

Altars:
Ashenzari
Cheibriados
Dithmenos
Elyvilon
Fedhas
Gozag
Kikubaaqudgha
Makhleb
Nemelex Xobeh
Okawaru
Pakellas
Qazlal
Ru
Sif Muna
Trog
Vehumet
Xom
Yredelemnul
Zin
The Shining One

Shops:
D:4 *   D:9 *}(


Innate Abilities, Weirdness & Mutations

You are resistant to damage.
You can recharge devices by infusing magical energy.
You passively map the area around you.
You do not regenerate naturally.


Message History

The orc warrior hits you but does no damage.
You slash the orc warrior! You freeze the orc warrior.
You kill the orc warrior!
Makhleb accepts your kill.
Things that are here:
a hand axe; a plate armour; an orc corpse You butcher the orc corpse.
t - a chunk of flesh
Things that are here:
a hand axe; a plate armour You see here a short sword.
Things that are here:
a hand axe; a plate armour You see here a short sword.
There is a stone staircase leading down, spattered with blood here.
You climb downwards.
The orc barely misses you.
The orc warrior hits you with a scimitar!!
* * * LOW HITPOINT WARNING * * *
The orc barely misses you. The orc warrior hits you with a glaive!
You die... , *** ,,, , , , , , * * o * # .. #. * 'o.

, * #..
#####.8oo⌠, *
#...,+...o.#,,
*,
#....#oo...# *
* *#.o@....#
_, ,,
#.o.)...# , *
* #.......#,,
* #.......8..
, *
#.......'o., ,
* #######.8o.
* .#.. * ### *


You could see 2 orc warriors and 9 orcs.

Vanquished Creatures
  Pikel (D:7)
  Joseph (D:7)
  Sigmund (D:6)
  Eustachio (D:6)
  A centaur (D:7)
  Menkaure (D:6)
  Edmund (D:5)
  A water moccasin (D:5)
  A slave (D:7)
  3 ice beasts
  2 orc warriors
  2 phantoms (D:4)
  A black bear (D:6)
  An eye of draining (D:8)
  3 ogres
  3 elf zombies (Ossuary)
  4 scorpions
  2 crimson imps
  5 centaur zombies
  5 human zombies (Ossuary)
  5 orc priests
  6 hounds
  3 jellies
  2 giant frog skeletons
  13 orc wizards
  An iguana (D:4)
  7 worker ants
  3 mummies (Ossuary)
  11 adders
  A shadow imp (D:7)
  3 oozes
  An adder zombie (D:9)
  4 worms
  3 dart slugs
  2 giant geckos
  28 orcs
  3 ball pythons
  4 giant cockroaches
  5 goblins
  6 hobgoblins
  7 kobolds
  3 quokkas
  8 bats
  6 giant newts
  8 rats
183 creatures vanquished.

Vanquished Creatures (collateral kills)
  A cyclops (D:9)
1 creature vanquished.

Vanquished Creatures (others)
  A slave (D:7)
1 creature vanquished.

Grand Total: 185 creatures vanquished

Notes
Turn   | Place    | Note
--------------------------------------------------------------
     0 | D:1      | MenacingMecha the Deep Dwarf Gladiator began the quest for the Orb.
     0 | D:1      | Reached XP level 1. HP: 19/19 MP: 1/1
   170 | D:1      | Reached skill level 4 in Axes
   170 | D:1      | Reached XP level 2. HP: 26/26 MP: 2/2
   693 | D:1      | Reached XP level 3. HP: 27/32 MP: 3/3
   740 | D:2      | Reached skill level 5 in Axes
   918 | D:2      | Reached XP level 4. HP: 26/39 MP: 4/4
  1270 | D:2      | Reached skill level 6 in Axes
  1301 | D:2      | Reached XP level 5. HP: 6/45 MP: 5/5
  1477 | D:3      | Reached skill level 7 in Axes
  1604 | D:3      | Found a glowing golden altar of the Shining One.
  2099 | D:4      | Found a staircase to the Ecumenical Temple.
  2108 | Temple   | Entered the Ecumenical Temple
  2126 | Temple   | Became a worshipper of Makhleb the Destroyer
  2148 | D:4      | Reached skill level 1 in Evocations
  2148 | D:4      | Reached XP level 6. HP: 32/52 MP: 6/6
  2327 | D:4      | Reached skill level 8 in Axes
  2419 | D:4      | Reached XP level 7. HP: 28/58 MP: 8/8
  2590 | D:4      | Reached skill level 9 in Axes
  2653 | D:4      | Found Leill's General Store.
  2677 | D:4      | Bought a sack of spiders for 220 gold pieces
  2758 | D:4      | Reached * piety under Makhleb
  2812 | D:5      | Entered Level 5 of the Dungeon
  2877 | D:5      | Reached skill level 10 in Axes
  2924 | D:5      | Found a blossoming altar of Fedhas.
  3053 | D:5      | Reached skill level 1 in Armour
  3268 | D:5      | Reached XP level 8. HP: 46/68 MP: 9/9
  3304 | D:5      | Noticed Edmund
  3332 | D:5      | Killed Edmund
  3694 | D:6      | Found a stormy altar of Qazlal.
  3695 | D:6      | Found a radiant altar of Vehumet.
  3696 | D:6      | Found an opulent altar of Gozag.
  3702 | D:6      | Found a deep blue altar of Sif Muna.
  3703 | D:6      | Found an oddly glowing altar of Pakellas.
  3704 | D:6      | Found a sparkling altar of Nemelex Xobeh.
  3704 | D:6      | Found a sacrificial altar of Ru.
  3704 | D:6      | Noticed Menkaure
  3713 | D:6      | Killed Menkaure
  3714 | D:6      | Found a shimmering altar of Xom.
  3829 | D:6      | Noticed Eustachio
  3837 | D:6      | Killed Eustachio
  3837 | D:6      | Reached skill level 11 in Axes
  3969 | D:6      | Found a deep blue altar of Sif Muna.
  3969 | D:6      | Noticed Sigmund
  3993 | D:6      | Killed Sigmund
  3993 | D:6      | Reached ** piety under Makhleb
  4030 | D:6      | Upgraded the game from 0.18-a0-1654-ge73a678 to 0.18-a0-1655-ge2d8d33
  4034 | D:6      | Reached skill level 12 in Axes
  4036 | D:6      | Gained mutation: You passively map the area around you. [Deep Dwarf growth]
  4036 | D:6      | Reached XP level 9. HP: 38/75 MP: 10/10
  4040 | D:6      | Identified Sif Muna's Volume of the Traveller
  4336 | D:6      | Found an ancient bone altar of Kikubaaqudgha.
  4516 | D:7      | Found a bloodstained altar of Trog.
  4562 | D:7      | Found a shimmering altar of Xom.
  4600 | D:7      | Noticed Pikel
  4611 | D:7      | Killed Pikel
  4713 | D:7      | Reached skill level 13 in Axes
  5366 | D:7      | Noticed Joseph
  5399 | D:7      | Killed Joseph
  5836 | D:8      | Found a sand-covered staircase.
  5846 | Ossuary  | Entered an ossuary
  5860 | Ossuary  | Reached skill level 14 in Axes
  6008 | Ossuary  | Reached *** piety under Makhleb
  6142 | D:8      | Reached skill level 1 in Invocations
  6142 | D:8      | Reached XP level 10. HP: 84/84 MP: 11/11
  6475 | D:9      | Noticed a cyclops
  6552 | D:9      | Found a basalt altar of Yredelemnul.
  6584 | D:9      | Found Ufrezid's Gadget Shoppe.
  6607 | D:9      | Bought a wand of flame (27/48) for 174 gold pieces
  6803 | D:9      | Found Syadghiom's Antique Weapon Emporium.
  6840 | D:9      | Bought a runed broad axe for 148 gold pieces
  6955 | D:9      | Found Kelasm's Assorted Antiques.
  7243 | D:9      | Found a white marble altar of Elyvilon.
  7281 | D:9      | Killed a cyclops
  7474 | D:10     | Entered Level 10 of the Dungeon
  7502 | D:10     | HP: 4/84 [orc warrior/scimitar (17)]
  7502 | D:10     | Slain by an orc warrior

Vault maps used:
D:1:      tarquinn_simple_flora_water_c, serial_glass, glass_columns_c,
          glass_columns_c, minmay_misc_feat_chi, minmay_misc_feat_rows,
          minmay_shallow_snake_nest
D:3:      first_bread, grunt_ministairs_9, tso_metal_star
D:4:      minmay_temple_entry_grid, serial_shops, nicolae_shop_crystal,
          solitary_fountain
D:5:      overflow_temple_1_default, hex_tiny, uniq_edmund
D:6:      marbit_many_paths, grunt_temple_overflow_open, led_sif_book,
          uniq_sigmund, uniq_menkaure, uniq_eustachio
D:7:      lemuel_crystal_altar, basic_altar, uniq_pikel, uniq_joseph
D:8:      enter_ossuary_2
D:9:      kennysheep_ying_yang, serial_shops, kennysheep_mini,
          nicolae_shop_overgrown_old_shop, shop
D:10:     david_orc_5, serial_shops, shop, shop, enter_trove_3
Temple:   temple_island_7
Ossuary:  ossuary_minmay_four_chambers

Skill      XL: |  1  2  3  4  5  6  7  8  9 10 |
---------------+-------------------------------+-----
Axes           | 4 5 6 7 8 10 12 14 | 14.9
Evocations     | 1 2 |  2.0
Fighting       | 2 3 |  3.1
Armour         | 2 3 |  3.0
Invocations    | 1 3 |  3.1
Throwing       | |  1.7
Dodging        | |  3.2

Action                   |  1- 3 |  4- 6 |  7- 9 | 10-12 || total
-------------------------+-------+-------+-------+-------++-------
Melee: War axe           |    86 |   187 |   434 |    68 ||   775
       Broad axe         |       |       |       |    29 ||    29
Throw: Javelin           |     3 |     8 |    14 |       ||    25
       Throwing net      |       |       |     2 |       ||     2
Invok: Lesser Servant of |       |       |       |     1 ||     1
Evoke: Wand              |       |     5 |     4 |     5 ||    14
  Use: Scroll            |       |     3 |     5 |       ||     8
       Potion            |       |       |     9 |     1 ||    10
 Stab: Sleeping          |     3 |       |       |       ||     3
       Held in net/web   |       |       |     2 |       ||     2
  Eat: Chunk             |       |     5 |    11 |     3 ||    19
       Pizza             |       |       |     1 |       ||     1
       Royal jelly       |       |       |       |     1 ||     1
